 Dungeon Crawl Stone Soup version 0.23.2-30-g0e89c35649 (webtiles) character file.

Game seed: 441232341645182974

8 troglodite the Caller (level 2, -1/15 HPs)
             Began as a Tengu Summoner on June 19, 2019.
             Slain by a kobold (4 damage)
             ... on level 1 of the Dungeon.
             The game lasted 00:01:45 (775 turns).

troglodite the Caller (Tengu Summoner)               Turns: 775, Time: 00:01:45

Health: -1/15      AC:  2    Str:  8    XL:     2   Next: 8%
Magic:  4/6        EV: 12    Int: 15    God:
Gold:   14         SH:  0    Dex: 14    Spells: 4/5 levels left

rFire    . . .     SeeInvis .   d - +0 club
rCold    . . .     Gourm    .   (no shield)
rNeg     . . .     Faith    .   a - +0 robe
rPois    .         Spirit   .   (helmet restricted)
rElec    .         Reflect  .   (no cloak)
rCorr    .         Harm     .   (no gloves)
MR       .....                  (boots unavailable)
Stlth    ++........             (no amulet)
HPRegen  0.05/turn              (no ring)
MPRegen  0.10/turn              (no ring)

@: no status effects
A: beak, talons 3
a: no special abilities


You were on level 1 of the Dungeon.
You were not hungry.

You visited 1 branch of the dungeon, and saw 1 of its levels.

You collected 14 gold pieces.

Inventory:

Hand Weapons
 d - a +0 club (weapon)
Missiles
 e - 21 stones (quivered)
Armour
 a - a +0 robe (worn)
Scrolls
 b - a scroll of teleportation {unknown}
 f - a scroll of remove curse {unknown}
Potions
 h - a potion of might {unknown}
 i - a potion of degeneration {unknown}
 j - a potion of flight {unknown}
 k - a potion of heal wounds {unknown}
Comestibles
 c - a ration
 g - a chunk of flesh


   Skills:
 * Level 0.2 Fighting
 * Level 2.2 Dodging
 + Level 2.0 Stealth
 * Level 2.1 Spellcasting
 * Level 5.1 Summonings


You had 4 spell levels left.
You knew the following spells:

 Your Spells              Type           Power        Failure   Level  Hunger
a - Summon Small Mammal   Summ           ###.         2%          1    #......

Your spell library contained the following spells:

 Spells                   Type           Power        Failure   Level  Hunger
 Call Imp                 Summ           ###.....     4%          2    ###....
 Call Canine Familiar     Summ           ###.....     8%          3    ###....
 Summon Guardian Golem    Hex/Summ       #.......     22%         3    ###....
 Summon Ice Beast         Ice/Summ       #.......     58%         4    #####..
 Summon Lightning Spire   Summ/Air       #.......     58%         4    #####..


Dungeon Overview and Level Annotations

Branches:
Dungeon (1/15)

Altars:


Innate Abilities, Weirdness & Mutations

You have a beak for a mouth.
You have claws for feet.


Message History

You are too injured to fight recklessly!
Unknown command.
Unknown command.
You are too injured to fight recklessly!
You closely miss the hobgoblin.
The hobgoblin is heavily wounded.
Your bat barely misses the kobold.
Your bat hits the hobgoblin but does no damage.
The kobold hits you.
* * * LOW HITPOINT WARNING * * *
Your bat closely misses the kobold.
Casting: Summon Small Mammal (safe; 2% risk of failure)
Confirm with . or Enter, or press ? or * to list all spells.
Your bat hits the kobold but does no damage.
Your bat hits the hobgoblin.
The hobgoblin hits your bat with a +0 club.
Your bat dies!
Your bat's corpse disappears in a puff of smoke!
The kobold hits you.
You die...

#........#
#........#
#........##########
.........+.........
.......##......#
....g§........#
#..Kr.......#
#.@..b......# #
#..((((.....# .#
###+##......##.#
#......... #
#...###.###
.......#.##.....## #
.......#.#..#.#..#.#
...........#.#.#...#
#######..#..#÷#..#..


You could see a hobgoblin (unaware), a kobold, a friendly quokka and a friendly
bat.

Vanquished Creatures
  A jackal (D:1)
  A ball python (D:1)
  A bat (D:1)
  A frilled lizard (D:1)
  A kobold (D:1)
  A rat (D:1)
  A plant (D:1)
7 creatures vanquished.

Vanquished Creatures (collateral kills)
  A giant cockroach (D:1)
  A goblin (D:1)
  A hobgoblin (D:1)
  A ball python (D:1)
4 creatures vanquished.

Grand Total: 11 creatures vanquished

Notes
Turn   | Place    | Note
-------+----------+-------------------------------------------
     0 | D:1      | troglodite the Tengu Summoner began the quest for the Orb.
     0 | D:1      | Reached XP level 1. HP: 10/10 MP: 4/4
   265 | D:1      | Reached skill level 5 in Summonings
   454 | D:1      | Reached XP level 2. HP: 1/15 MP: 3/6
   775 | D:1      | Slain by a kobold

Skill      XL: |  1 |
---------------+----+-----
Summonings     | 5 |  5.1
Fighting       | |  0.2
Dodging        | |  2.2
Stealth        | |  2.0
Spellcasting   | |  2.1

Action                   || total
-------------------------++-------
Melee: Club              ||    83
       Kick              ||    37
       Peck              ||    16
       Unarmed           ||     3
 Cast: Summon Small Mamm ||    10
Armor: Robe              ||     3
Dodge: Dodged            ||    23
